AoeStats
← estevoleal

Black Forest

504046020Analyzed
1v1 RM · 29d ago on Sep 3, 2026· 21m 58s· 2 players
Game mode
Random Map
Map size
Tiny (2 player)
Population
200
Speed
Normal
Resources
Standard
Victory
Conquest
Starting age
Dark Age
Ending age
Imperial Age
RankedLock teamsTeams togetherTeam positionsShared explorationLock speedFull tech treeHidden civsTurbo modeCheats
Victory
Defeat
🇧🇷 Persians · Brazil
358
+11
🇦🇷 Portuguese · Argentina
253
-11
lucas_araoz
0:33 Loom
14:27 Feudal Age
22:18 Castle Age
20:40 Scale Barding Armor
22:04 Stone Mining
22:08 Gold Mining
estevoleal
8:30 Feudal Age
7:45 Loom
19:48 Castle Age
Connection lost

Rejoining the realm…

Still unreachable

The connection could not be restored.

Session expired

The server has moved on; the page needs a fresh start.